 Dungeon Crawl Stone Soup version 0.28.0-43-g3370ac3207 (webtiles) character file.

Game seed: 1689413733306372264

23149 Kaiern the Covert (level 13, -10/57 (72) HPs)
             Began as a Vine Stalker Brigand on Mar 18, 2022.
             Was a Believer of Uskayaw.
             Mangled by an orc knight
             ... wielding a +2 great mace of draining
              (24 damage)
             ... on level 12 of the Dungeon.
             The game lasted 01:16:31 (12280 turns).

Kaiern the Covert (Vine Stalker Brigand)           Turns: 12280, Time: 01:16:32

HP:   -10/57 (72)   AC: 14    Str: 17    XL:     13   Next: 4%
MP:   0/19          EV: 14    Int: 15    God:    Uskayaw [**....]
Gold: 670           SH:  0    Dex: 25    Spells: 12/12 levels left

rFire   . . .      SeeInvis .   O - +4 short sword (elec)
rCold   + . .      Faith    .   (no shield)
rNeg    . . .      Spirit   +   w - +5 scale mail of Iniucul {rPois Str+2 Int+4 Dex+5}
rPois   +          Reflect  .   (no helmet)
rElec   .          Harm     .   c - +1 cloak
rCorr   .          Rampage  .   (no gloves)
Will    +....                   (no boots)
Stlth   +++++.....              F - amulet of the acrobat
HPRegen 0.99/turn               u - ring of protection from cold
MPRegen 0.16/turn               f - +4 ring of evasion

@: hasted, heavily drained, very quick
A: fangs 3, regeneration 1, magic shield, antimagic bite, no potion heal 2
a: Renounce Religion, Stomp, Line Pass


You were on level 12 of the Dungeon.
You worshipped Uskayaw.
Uskayaw was noncommittal.
You visited 2 branches of the dungeon, and saw 13 of its levels.
You also visited: Ossuary and Ice Cave.

You collected 670 gold pieces.

Inventory:

Hand Weapons
 a - a +2 dagger
 n - a +3 short sword
 y - a +1 dagger of venom
 O - a +4 short sword of electrocution (weapon)
Missiles
 d - 10 poisoned darts (quivered)
 z - a throwing net
 K - 11 boomerangs
Armour
 c - a +1 cloak (worn)
 h - the +1 scale mail of the Valley {-Cast Harm rF+ rC++ Str-4}
   (You found it on level 7 of the Dungeon)

   Str:       It affects your strength (-4).
   rF:        It protects you from fire.
   rC:        It greatly protects you from cold.
   -Cast:     It prevents spellcasting.
   Harm:      It increases damage dealt and taken.
 w - the +5 scale mail of Iniucul (worn) {rPois Str+2 Int+4 Dex+5}
   (You found it on level 7 of the Dungeon)

   Str:       It affects your strength (+2).
   Int:       It affects your intelligence (+4).
   Dex:       It affects your dexterity (+5).
   rPois:     It protects you from poison.
 G - a +0 leather armour of fire resistance
 P - a +0 robe
Jewellery
 f - a +4 ring of evasion (right hand)
 j - a +4 ring of protection
 k - a ring of protection from fire
 u - a ring of protection from cold (left hand)
 x - a ring of positive energy
 F - an amulet of the acrobat (around neck)
 I - a ring of resist corrosion
Wands
 D - a wand of paralysis (27)
 E - a wand of iceblast (2)
 M - a wand of charming (4)
 R - a wand of flame (12)
Scrolls
 b - 2 scrolls of summoning
 g - a scroll of teleportation
 q - a scroll of blinking
 v - a scroll of magic mapping
 B - 2 scrolls of identify
 J - 3 scrolls of fear
 L - 2 scrolls of enchant weapon
 N - a scroll of enchant armour
Potions
 e - 2 potions of resistance
 i - 7 potions of mutation
 l - 6 potions of curing
 m - 2 potions of invisibility
 o - 4 potions of attraction
 p - 4 potions of heal wounds
 r - a potion of magic
 s - 3 potions of haste
 t - 3 potions of cancellation
 A - a potion of brilliance
 H - 2 potions of flight


   Skills:
 + Level 10.1 Fighting
 + Level 10.0 Short Blades
 - Level 4.0 Throwing
 - Level 6.0 Armour
 - Level 0.7 Dodging
 + Level 14.5 Stealth
 + Level 7.6 Invocations


You had 12 spell levels left.
You didn't know any spells.
Your spell library contained the following spells:

 Spells                   Type           Power      Damage    Failure   Level
 Dazzling Flash           Conj/Hex       0%         N/A       94%         3
 Fulminant Prism          Conj/Hex       0%         3d6       100%        4
 Iskenderun's Mystic Bla  Conj/Tloc      0%         2d3       100%        4
 Lee's Rapid Deconstruct  Erth           0%         3d5*      100%        5
 Starburst                Conj/Fire      0%         6d3       100%        6


Dungeon Overview and Level Annotations

Branches:
Dungeon (12/15)            Temple (1/1) D:7            Lair (0/6) D:11
    Orc (0/2) D:11        Ossuary (visited)           IceCv (visited)

Altars:
Ashenzari
Cheibriados
Dithmenos
Elyvilon
Fedhas
Gozag
Hepliaklqana
Kikubaaqudgha
Makhleb
Nemelex Xobeh
Okawaru
Qazlal
Ru
Sif Muna
Trog
Uskayaw
Vehumet
Wu Jian
Xom
Yredelemnul
Zin
The Shining One
Jiyva

Shops:
D:7 (   D:12 ?


Innate Abilities, Weirdness & Mutations

You have razor-sharp teeth.
Your natural rate of healing is unusually fast.
When hurt, damage is shared between your health and your magic reserves.
Your bite disrupts and absorbs the magic of your enemies.
Potions cannot restore your health.


Message History

You hit the orc knight. You bite the orc knight. You drain its power.
You feel invigorated.
The orc knight is heavily wounded.
The orc knight closely misses you.
You hit the orc knight but do no damage.
You bite the orc knight. You drain its power.
You feel invigorated.
The orc knight is heavily wounded.
The orc knight barely misses you.
You can now pass through a line of other dancers.
You closely miss the orc knight.
You bite the orc knight, but do no damage.
The orc knight is heavily wounded.
You hit the orc knight but do no damage.
You bite the orc knight. You drain its power.
You feel invigorated.
The orc knight is heavily wounded.
The orc knight misses you.
You hit the orc knight but do no damage.
Lightning courses through the orc knight!
You bite the orc knight, but do no damage.
The orc knight is severely wounded.
You hit the orc knight.
You bite the orc knight, but do no damage.
The orc knight is severely wounded.
The orc knight hits you with a +2 great mace of draining!!
You feel drained.
You completely miss the orc knight. Your bite misses the orc knight.
The orc knight is severely wounded.
The orc knight roars a battlecry!
The orcs go into a battle-frenzy!
You hit the orc knight. Your bite misses the orc knight.
The orc knight is almost dead.
You hit the orc knight. Your bite misses the orc knight.
The orc knight is almost dead.
The orc knight hits you with a +2 great mace of draining!!
* * * LOW HITPOINT WARNING * * *
You feel drained.
* * * LOW HITPOINT WARNING * * *
You feel yourself speed up.
The orc knight hits you with a +2 great mace of draining!!
You die...

#........##
#...).....#
#.........#
##........##
#.........#
##........# #######
##.......##
......####
##.......#####
.........###
###@.#####.....#####
...........###ho###
#####......
#............oo##
##.....
##............##
##....
...##..........##
#....
##...###........#
#....
####....########
##.... ###.## #....#
#.# #...##


You could see an orc knight, a warg and 2 orcs.

Vanquished Creatures
  A rakshasa (D:11)
  A death knight (D:11)
  A centaur warrior (D:11)
  4 two-headed ogres
  Erica (D:11)
  Nergalle (D:12)
  A deep elf pyromancer (D:11)
  2 cyclopes
  3 ugly things
  2 ice statues (IceCv)
  Maurice (D:9)
  Maggie (D:10)
  A komodo dragon (D:12)
  An anaconda simulacrum (IceCv)
  An entropy weaver simulacrum (IceCv)
  An ice devil (IceCv)
  A kobold demonologist (D:11)
  6 trolls
  A meliai (D:11)
  A dire elephant simulacrum (IceCv)
  A shadow (D:10)
  A wyvern (D:11)
  A vampire (D:11)
  2 wraiths (D:11)
  10 yaks
  2 basilisks (D:11)
  Sigmund (D:2)
  A steam dragon (D:10)
  3 death yak simulacra (IceCv)
  9 vampire mosquitoes
  A harpy simulacrum (IceCv)
  3 wargs
  6 orc warriors
  2 sky beasts
  6 black bears
  An ogre (D:5)
  9 centaurs
  A necrophage (D:6)
  2 phantoms
  2 kobold brigands
  4 scorpions
  4 bullfrogs
  2 gnoll sergeants (D:11)
  A cane toad simulacrum (IceCv)
  10 killer bees
  3 wights (D:9)
  2 bullfrog zombies
  9 centaur zombies
  4 jellies (D:9)
  6 orc priests
  3 human zombies (Ossuary)
  A centaur skeleton (D:6)
  A gnoll shaman (D:6)
  2 iguanas
  11 orc wizards
  A troll simulacrum (IceCv)
  A hound skeleton (D:4)
  3 mummies
  10 gnolls
  A howler monkey zombie (D:9)
  3 adders
  3 white imps
  2 ufetubi
  3 worms
  A dart slug (D:4)
  32 orcs
  5 endoplasms
  3 giant cockroaches
  5 goblins
  6 hobgoblins
  2 jackals (D:4)
  14 kobolds
  5 quokkas
  4 ball pythons
  5 bats
  A frilled lizard (D:3)
  2 gnoll zombies (Ossuary)
  A hobgoblin zombie (Ossuary)
  An orc zombie (Ossuary)
  3 rats
276 creatures vanquished.

Vanquished Creatures (others)
  13 fungi
  6 plants
19 creatures vanquished.

Grand Total: 295 creatures vanquished

Notes
Turn   | Place    | Note
-------+----------+-------------------------------------------
     0 | D:1      | Kaiern the Vine Stalker Brigand began the quest for the
                  | Orb.
     0 | D:1      | Reached XP level 1. HP: 11/11 MP: 2/2
    83 | D:1      | Found a faded altar of an unknown god.
   242 | D:1      | Reached skill level 5 in Stealth
   278 | D:1      | Reached XP level 2. HP: 15/15 MP: 3/3
   612 | D:2      | Noticed Sigmund
   617 | D:2      | Killed Sigmund
   618 | D:2      | Reached skill level 6 in Stealth
   618 | D:2      | Reached XP level 3. HP: 12/20 MP: 2/4
   618 | D:2      | Gained mutation: Your natural rate of healing is unusually
                  | fast. [Vine Stalker growth]
   618 | D:2      | Reached XP level 4. HP: 14/24 MP: 2/5
   618 | D:2      | Reached XP level 5. HP: 17/28 MP: 2/6
  1356 | D:3      | Noticed a necrophage
  2447 | D:4      | Reached XP level 6. HP: 18/31 MP: 4/7
  2704 | D:4      | Reached skill level 7 in Stealth
  2805 | D:4      | Reached XP level 7. HP: 37/37 MP: 8/8
  2842 | D:4      | Found a sand-covered staircase.
  2849 | Ossuary  | Entered an ossuary
  3771 | D:5      | Entered Level 5 of the Dungeon
  3815 | D:5      | Reached skill level 8 in Stealth
  3898 | D:5      | Reached skill level 5 in Fighting
  3898 | D:5      | Gained mutation: You have razor-sharp teeth. [Vine Stalker
                  | growth]
  3898 | D:5      | Reached XP level 8. HP: 43/43 MP: 9/9
  3969 | D:5      | Reached skill level 5 in Short Blades
  4477 | D:5      | Reached skill level 9 in Stealth
  4811 | D:6      | Noticed a purple ugly thing
  4839 | D:6      | Killed a purple ugly thing
  4840 | D:6      | Reached XP level 9. HP: 40/48 MP: 10/10
  4949 | D:6      | Reached skill level 10 in Stealth
  5618 | D:7      | Identified the +1 scale mail of the Valley {-Cast Harm rF+
                  | rC++ Str-4}
  5903 | D:7      | Found a staircase to the Ecumenical Temple.
  5912 | Temple   | Entered the Ecumenical Temple
  6115 | Temple   | Became a worshipper of Uskayaw the Reveller
  6148 | D:7      | Found Serhusum's Weapon Shop.
  6358 | D:7      | Identified the +5 scale mail of Iniucul {rPois Str+2 Int+4
                  | Dex+5}
  6363 | D:7      | Reached * piety under Uskayaw
  6396 | D:7      | Reached ** piety under Uskayaw
  6886 | D:8      | Found a shimmering blue altar of Sif Muna.
  7028 | D:8      | Reached skill level 11 in Stealth
  7028 | D:8      | Reached XP level 10. HP: 55/55 MP: 11/11
  7070 | D:8      | Reached *** piety under Uskayaw
  7075 | D:8      | Reached skill level 1 in Invocations
  7075 | D:8      | Reached **** piety under Uskayaw
  7102 | D:8      | Reached skill level 1 in Armour
  7534 | D:9      | Noticed a two-headed ogre
  7538 | D:9      | Killed a two-headed ogre
  7807 | D:9      | Found a viscous altar of Jiyva.
  7819 | D:9      | Paralysed by a wight for 6 turns
  7969 | D:9      | Reached ***** piety under Uskayaw
  7978 | D:9      | You fall into a shaft and drop 2 floors!
  7979 | D:11     | Noticed a deep elf pyromancer
  7982 | D:11     | Noticed a cyclops
  7983 | D:11     | Noticed a centaur warrior
  7985 | D:11     | Noticed a death knight
  7985 | D:11     | Noticed a tengu warrior
  7985 | D:11     | Noticed a seven-headed hydra
  7987 | D:11     | Noticed a kobold demonologist
  7989 | D:11     | Noticed an orange demon
  7990 | D:11     | Noticed an eight-headed hydra
  7992 | D:11     | Noticed a tengu warrior
  7992 | D:11     | Noticed a deep elf pyromancer
  7992 | D:11     | Noticed a rakshasa
  8078 | D:10     | Entered Level 10 of the Dungeon
  8228 | D:10     | Reached skill level 12 in Stealth
  8393 | D:10     | Reached XP level 11. HP: 60/60 MP: 14/14
  8487 | D:9      | Noticed Maurice
  8494 | D:9      | Killed Maurice
  8982 | D:10     | Noticed a two-headed ogre
  8990 | D:10     | Killed a two-headed ogre
  9017 | D:10     | Noticed Maggie
  9043 | D:10     | Killed Maggie
  9498 | D:11     | Found a staircase to the Orcish Mines.
  9857 | D:11     | Reached skill level 5 in Invocations
  9872 | D:11     | Killed a cyclops
  9903 | D:11     | Noticed a white ugly thing
  9914 | D:11     | Killed a white ugly thing
  9919 | D:11     | Noticed a goliath frog
  9925 | D:11     | Noticed a wolf spider
  9926 | D:11     | Noticed a storm dragon
  9926 | D:11     | a wolf spider changed into a storm dragon
  9928 | D:11     | Noticed an eleionoma
  9928 | D:11     | a storm dragon changed into an eleionoma
  9930 | D:11     | Noticed a frost giant
  9930 | D:11     | an eleionoma changed into a frost giant
  9963 | D:11     | Noticed a sphinx
  9965 | D:11     | Reached skill level 13 in Stealth
  9965 | D:11     | Noticed an iron troll
  9965 | D:11     | a sphinx changed into an iron troll
  9968 | D:11     | Noticed a shadow dragon
  9968 | D:11     | an iron troll changed into a shadow dragon
  9980 | D:11     | Noticed a catoblepas
  9984 | D:11     | a catoblepas changed into something unseen
  9986 | D:11     | Noticed a boulder beetle
  9988 | D:11     | Noticed an entropy weaver
  9988 | D:11     | a boulder beetle changed into an entropy weaver
  9989 | D:11     | Noticed a boulder beetle
  9989 | D:11     | an entropy weaver changed into a boulder beetle
  9997 | D:11     | Noticed a great orb of eyes
  9997 | D:11     | a boulder beetle changed into a great orb of eyes
  9999 | D:11     | Paralysed by a great orb of eyes for 4 turns
 10000 | D:11     | Noticed an ice dragon
 10000 | D:11     | a great orb of eyes changed into an ice dragon
 10002 | D:11     | Noticed an anaconda
 10002 | D:11     | an ice dragon changed into an anaconda
 10006 | D:11     | Noticed an ettin
 10006 | D:11     | an anaconda changed into an ettin
 10173 | D:11     | Noticed a two-headed ogre
 10190 | D:11     | Killed a two-headed ogre
 10224 | D:11     | Noticed Erica
 10241 | D:11     | Killed Erica
 10368 | D:11     | Found a staircase to the Lair.
 10386 | D:11     | Reached XP level 12. HP: 56/66 MP: 13/17
 10500 | D:11     | Identified the +6 morningstar "Etiw" {holy, rElec}
 10500 | D:11     | Identified the +1 ring mail of Ucly {Harm rF- rC+++ Dex-2}
 10562 | D:11     | Killed a centaur warrior
 10563 | D:11     | Reached skill level 5 in Armour
 10617 | D:11     | Noticed a two-headed ogre
 10627 | D:11     | Killed a two-headed ogre
 10903 | D:11     | Killed a death knight
 11147 | D:11     | Killed a rakshasa
 11176 | D:11     | Noticed a five-headed hydra
 11212 | D:11     | Noticed a death knight
 11212 | D:11     | Noticed an eight-headed hydra
 11215 | D:11     | Noticed a death knight
 11406 | D:12     | Reached ****** piety under Uskayaw
 11408 | D:12     | Reached skill level 14 in Stealth
 11458 | D:12     | Found a frozen archway.
 11461 | D:12     | Noticed Nergalle
 11482 | D:12     | Killed Nergalle
 11537 | IceCv    | Entered an ice cave
 11792 | IceCv    | HP: 3/67 [entropy weaver simulacrum (11)]
 11935 | D:12     | Reached skill level 10 in Fighting
 11935 | D:12     | Reached skill level 10 in Short Blades
 11942 | D:12     | Reached XP level 13. HP: 67/72 MP: 19/19
 12021 | D:12     | Found Mateukh's Magic Scroll Shoppe.
 12280 | D:12     | Mangled by an orc knight

Illustrated notes

Levels and vault maps discovered:
D:1:      lightli_arrival_flooded_house, layout_basic,
          hellmonk_ecumenical_altar_heavens_door
D:2:      layout_basic, serial_bayou_lagoon_a, uniq_sigmund
D:3:      layout_rooms, kennysheep_cross_bottleneck, corexii_corridor_pit
D:4:      layout_loops_corners, gup_ossuary_entry_pyramid, serial_aquarium,
          aquarium_bridge_straight [aquarium_subvault_bridge,
          aquarium_subvault_window, aquarium_subvault_bridge,
          aquarium_subvault_window], aquarium_window_fake,
          aquarium_window_double, aquarium_window_1, aquarium_view_2g,
          aquarium_view_2f, aquarium_balcony_1b, aquarium_pool_split
D:5:      layout_rooms
D:6:      layout_loops_ring
D:7:      layout_loops_ring, minmay_temple_entry_mist, serial_shops,
          nicolae_shop_bloodbath_and_beyond, enter_bailey_8, kennysheep_dice
D:8:      layout_basic, general_overflow_altar, corexii_corridor_pit
D:9:      layout_loops_ring, minmay_liquid_box, minmay_misc_feat_rows,
          jiyva_altar_1, uniq_maurice
D:10:     layout_layer_cave, uniq_maggie
D:11:     minmay_the_grid_square_5x5_5x5_mashed
          [minmay_the_grid_square_5x5_shrine1,
          minmay_the_grid_square_5x5_hollow_slash,
          minmay_the_grid_square_5x5_tetrominoes,
          minmay_the_grid_square_5x5_longway,
          minmay_the_grid_square_5x5_doubleslash,
          minmay_the_grid_square_5x5_comb,
          minmay_the_grid_square_5x5_prize_deathbox,
          minmay_the_grid_square_5x5_checkered_statues,
          minmay_the_grid_square_5x5_prize_monsterx,
          minmay_the_grid_square_5x5_shuriken, minmay_the_grid_square_5x5_tie,
          minmay_the_grid_square_5x5_z,
          minmay_the_grid_square_5x5_prize_snowflake,
          minmay_the_grid_square_5x5_sharp_hourglass,
          minmay_the_grid_square_5x5_moneybag, minmay_the_grid_square_5x5_two,
          minmay_the_grid_square_5x5_prize_rear_guard,
          minmay_the_grid_square_5x5_corner,
          minmay_the_grid_square_5x5_prize_junk,
          minmay_the_grid_square_5x5_checkered_sparse,
          minmay_the_grid_square_5x5_seven, minmay_the_grid_square_5x5_slash,
          minmay_the_grid_square_5x5_empty,
          minmay_the_grid_square_5x5_minivault,
          minmay_the_grid_square_5x5_plus], layout_cave_pods,
          david_lair_generic, minmay_orc_entry_guard_dogs, uniq_erica
D:12:     layout_cave_pods, portal_ice_cave_entry_pillars_1,
          minmay_shop_grid_forest, hangedman_cracks_in_the_wall, uniq_nergalle
Temple:   mainiacjoe_temple_archimedes_tessellation

Skill      XL: |  1  2  3  4  5  6  7  8  9 10 11 12 |
---------------+-------------------------------------+-----
Fighting       | 2 3 4 5 6 7 8 9 10 | 10.1
Stealth        | 5 6 7 8 9 11 12 13 14 | 14.5
Short Blades   | 2 3 4 6 7 8 9 10 | 10.0
Throwing       | 3 4 |  4.0
Invocations    | 3 5 7 |  7.6
Armour         | 3 4 6 |  6.0
Dodging        | |  0.7

Action                   |  1- 3 |  4- 6 |  7- 9 | 10-12 | 13-15 || total
-------------------------+-------+-------+-------+-------+-------++-------
Melee: Dagger            |    24 |    54 |       |       |       ||    78
       Bite              |     6 |    33 |   123 |   258 |    14 ||   434
       Short sword       |       |    54 |   385 |   641 |    31 ||  1111
       Punch             |       |     1 |     5 |    18 |     1 ||    25
Throw: Dart              |    11 |    15 |    25 |    50 |     5 ||   106
Invok: Stomp             |       |       |       |     2 |       ||     2
Evoke: Wand              |       |       |       |     7 |       ||     7
  Use: Scroll            |       |     3 |    12 |    14 |       ||    29
       Potion            |       |       |     1 |       |     1 ||     2
 Stab: Sleeping          |     5 |    11 |    10 |     7 |     1 ||    34
       Distracted        |     1 |     1 |     1 |     4 |       ||     7
       Paralysed         |       |       |       |    26 |       ||    26
       Invisible         |       |       |       |     2 |     2 ||     4
Armor: Robe              |     6 |       |       |       |       ||     6
       Leather armour    |     1 |    21 |    83 |       |       ||   105
       Scale mail        |       |       |    12 |   260 |     3 ||   275
Dodge: Dodged            |    11 |    50 |   197 |   344 |    16 ||   618
